 Dungeon Crawl Stone Soup version 0.31-a0-538-gbc85326fa9 (webtiles) character file.

Game seed: 623415316685175934

63100 mandarbmax the Slicer (level 14, -40/121 HPs)
             Began as a Grey Draconian Brigand on Aug 13, 2023.
             Was an Initiate of Gozag.
             Annihilated by an enormous slime creature (67 damage)
             ... on level 12 of the Dungeon on Aug 14, 2023.
             The game lasted 01:00:03 (22742 turns).

mandarbmax the Slicer (Grey Draconian Brigand)     Turns: 22742, Time: 01:00:06

Health: -40/121    AC: 18    Str: 14      XL:     14   Next: 66%
Magic:  14/14      EV: 13    Int:  6      God:    Gozag
Gold:   4537       SH: 12    Dex: 21 (22) Spells: 13/13 levels left

rFire   + . .        G - +3 rapier (elec)
rCold   . . .        r - +2 kite shield
rNeg    + + .        (body armour unavailable)
rPois   +            C - +0 hat {SInv}
rElec   .            a - +0 cloak "Ysitukk" {-Cast Harm rPois rF+}
rCorr   .            f - +2 pair of gloves
SInv    +            U - +0 pair of boots
Will    ++...        D - amulet of Aqeillot {Acrobat +Blink rN+ SInv}
Stlth   +++++        L - +6 ring of dexterity
HPRegen 0.40/turn    K - ring of Buizof {rN+ Will+ Int-5 Slay+5}
MPRegen 0.14/turn

%: no spellcasting, harm (+30% outgoing, +20% incoming), acrobat, clarity
@: maw-form, studying Maces & Flails, unable to drink
A: devouring maw, AC +13, amphibious, unfitting armour, cold-blooded, clarity,
dopey 1, sense surroundings 1, inability to drink after injury 1
a: Begin Untransformation, Renounce Religion, Evoke Blink, Potion Petition, Call
Merchant, Bribe Branch


You were on level 12 of the Dungeon.
You worshipped Gozag.
Gozag was most pleased with you.
You were a creature with a mouth for a stomach.
You visited 3 branches of the dungeon, and saw 19 of its levels.
You also visited: Ice Cave.

You collected 6116 gold pieces.
You spent 1501 gold pieces at shops.
You paid 78 gold pieces to Gozag.

Inventory:

Hand Weapons
 G - a +3 rapier of electrocution (weapon)
 Z - a +3 vampiric long sword
Missiles
 c - 58 poisoned darts (quivered)
 d - 9 curare-tipped darts
 x - 4 silver javelins
 y - 16 boomerangs
 N - 6 javelins
Armour
 a - the +0 cloak "Ysitukk" (worn) {-Cast Harm rPois rF+}
   (You found it on level 7 of the Dungeon)

   rF+:       It protects you from fire.
   rPois:     It protects you from poison -Cast: It prevents spellcasting.
   Harm:      It increases damage dealt and taken.
 f - a +2 pair of gloves (worn)
 k - a +2 cloak
 r - a +2 kite shield (worn)
 C - a +0 hat of see invisible (worn)
 U - a +0 pair of boots (worn)
Jewellery
 D - the amulet of Aqeillot (around neck) {Acrobat +Blink rN+ SInv}
   (You found it on level 4 of the Dungeon)

   [amulet of the acrobat]

   Acrobat:   It increases your evasion while moving and waiting.
   rN+:       It protects you from negative energy.
   SInv:      It lets you see invisible.
   +Blink:    It lets you blink.
 K - the ring of Buizof (right hand) {rN+ Will+ Int-5 Slay+5}
   (You bought it in a shop on level 8 of the Dungeon)

   [ring of positive energy]

   Int-5:     It affects your intelligence (-5).
   Slay+5:    It affects your accuracy & damage with ranged weapons and melee
   (+5).
   rN+:       It protects you from negative energy.
   Will+:     It increases your willpower.
 L - a +6 ring of dexterity (left hand)
Talismans
 s - a maw talisman (active)
Wands
 w - a wand of paralysis (17)
 H - a wand of acid (21)
 I - a wand of mindburst (20)
 J - a wand of roots (14)
 R - a wand of polymorph (6)
 W - a wand of flame (11)
Scrolls
 b - 2 scrolls of acquirement {unknown}
 e - 2 scrolls of amnesia
 g - 2 scrolls of torment
 h - a scroll of butterflies
 i - 2 scrolls of brand weapon
 l - 5 scrolls of teleportation
 p - 2 scrolls of immolation {unknown}
 q - 3 scrolls of noise {unknown}
 E - 5 scrolls of enchant armour
 Q - a scroll of poison
 S - 2 scrolls of vulnerability {unknown}
 V - 2 scrolls of fog {unknown}
 X - 2 scrolls of silence
 Y - 2 scrolls of enchant weapon
Potions
 j - 3 potions of haste
 m - 4 potions of brilliance
 n - 5 potions of curing
 o - a potion of cancellation
 t - 2 potions of resistance
 u - 4 potions of attraction
 v - a potion of mutation
 z - 4 potions of might
 A - 2 potions of magic
 B - 5 potions of lignification
 O - 2 potions of ambrosia
 P - a potion of enlightenment
 T - a potion of berserk rage
Miscellaneous
 F - a condenser vane
 M - a lightning rod (4/4)


   Skills:
 - Level 10.0 Fighting
 - Level 12.2(12.5) Short Blades
 + Level 4.3(9.0) Long Blades
 - Level 10.0 Throwing
 + Level 4.1 Dodging
 - Level 11.0 Stealth
 + Level 4.2 Shields
 - Level 10.0 Evocations
 - Level 9.0 Shapeshifting


You had 13 spell levels left.
You didn't know any spells.
Your spell library contained the following spells:

 Spells                   Type           Power      Damage    Failure   Level
 Kiss of Death            Conj/Necr      0%         2d5       83%         1
 Sandblast                Erth           0%         2d4       83%         1
 Passwall                 Tmut/Erth      0%         N/A       93%         2
 Poisonous Vapours        Pois/Air       0%         N/A       93%         2
 Confusing Touch          Hex            0%         N/A       99%         3
 Mephitic Cloud           Conj/Pois/Air  0%         N/A       99%         3
 Portal Projectile        Hex/Tloc       0%         N/A       99%         3
 Stone Arrow              Conj/Erth      0%         3d7       99%         3
 Tukima's Dance           Hex            0%         N/A       99%         3
 Dispel Undead            Necr           0%         3d6       100%        4
 Iskenderun's Mystic Bla  Conj/Tloc      0%         2d3       100%        4
 Summon Ice Beast         Ice/Summ       0%         N/A       100%        4
 Freezing Cloud           Conj/Ice/Air   0%         6-21      100%        5
 Summon Mana Viper        Hex/Summ       0%         N/A       100%        5
 Conjure Ball Lightning   Conj/Air       0%         3x3d6     100%        6
 Monstrous Menagerie      Summ           0%         N/A       100%        7
 Discord                  Hex            0%         N/A       100%        8
 Disjunction              Tloc           0%         N/A       100%        8


Dungeon Overview and Level Annotations

Branches:
Dungeon (12/15)            Temple (0/1) D:6            Lair (5/5) D:10
 Shoals (0/4) Lair:3       Spider (0/4) Lair:3        Slime (0/5) Lair:5
    Orc (2/2) D:11            Elf (0/3) Orc:2         IceCv (visited)

Altars:
Cheibriados
Gozag
Hepliaklqana
Okawaru
Ru
Sif Muna
Trog
Uskayaw
Wu Jian
Zin
Jiyva

Shops:
D:2 [   D:3 =   D:5 *   D:8 =   Orc:1 (   Orc:2 **[(:*

Annotations:
D:4 1 runed translucent door, Crazy Yiuf
D:8 3 runed translucent doors, Pokonic1's ghost, novice DsEE


Innate Abilities, Weirdness & Mutations

You are a creature with a mouth for a stomach.
Your midsection houses a second, enormous mouth.
Your dull iron-grey scales are very hard. (AC +13)
You are amphibious.
You cannot fit into any form of body armour.
You are cold-blooded and may be slowed by cold attacks.
You possess an exceptional clarity of mind.
You are dopey. (Int -2)
You passively map a small area around you.
You occasionally lose the ability to drink potions when taking damage.


Message History

Two slime creatures merge to form a very large slime creature.
You puncture the very large slime creature!
The very large slime creature is lightly wounded.
Two slime creatures merge to form an enormous slime creature.
You hit the enormous slime creature.
You tail-slap the enormous slime creature!
The enormous slime creature is lightly wounded.
You puncture the enormous slime creature!
Lightning courses through the enormous slime creature!!
You tail-slap the enormous slime creature.
The enormous slime creature is moderately wounded.
You puncture the enormous slime creature!
The enormous slime creature is moderately wounded.
You puncture the enormous slime creature!
You tail-slap the enormous slime creature!
The enormous slime creature is heavily wounded.
You block the enormous slime creature's attack.
You hit the enormous slime creature.
You tail-slap the enormous slime creature!
You bite the enormous slime creature!
The enormous slime creature is heavily wounded.
You puncture the enormous slime creature!
You tail-slap the enormous slime creature!
The enormous slime creature is severely wounded.
The enormous slime creature hits you!!
You hit the enormous slime creature.
You tail-slap the enormous slime creature.
The enormous slime creature is severely wounded.
The enormous slime creature hits you!!!
Ouch! That really hurt!
* * * LOW HITPOINT WARNING * * *
You puncture the enormous slime creature!
Lightning courses through the enormous slime creature!
You bite the enormous slime creature!!
The enormous slime creature is almost dead.
The enormous slime creature hits you!!!
You feel threatened and lose the ability to drink potions!
Ouch! That really hurt!
You die...
Your body crumbles into a pile of gold.

.###....)....# #.#
.# #####.##### ## #,
.# #.# .. ,, +#
#.### .# , * #...#
.# ,* , #####.####
.# , , #........#
.###.#.
#.##...#.####.......
, ,
+..........WJ..p....
,,
#.##...#.#######....
, #........# , .* *
*####.#### , * #.# *
* #.# * * , *


You could see an enormous slime creature and a neutral human (wandering).

Vanquished Creatures
  Saint Roka (Orc:2)
  Gastronok (D:12)
  Kirke (D:12)
  An orc warlord (D:11)
  A fire dragon (Lair:5)
  Erolcha (D:11)
  3 hydras
  4 boulder beetles
  3 death yaks (Lair:2)
  3 two-headed ogres (D:10)
  An orc high priest (Orc:2)
  Nergalle (D:11)
  4 orc knights
  2 lindwurms
  A wizard (D:11)
  A deep elf pyromancer (D:12)
  3 orc sorcerers (Orc:2)
  4 ugly things
  3 oklob plants (Lair:1)
  14 elephants
  2 ice statues (IceCv)
  5 black mambas
  Maurice (D:8)
  A gargoyle (D:11)
  15 cane toads
  2 molten gargoyles (Lair:5)
  Maggie (D:10)
  An unseen horror (D:11)
  Psyche (D:8)
  3 kobold demonologists (D:12)
  9 komodo dragons
  3 rime drakes (Lair:1)
  A freezing wraith (IceCv)
  4 trolls
  A polar bear (Lair:3)
  Grinder (D:4)
  11 blink frogs
  A snapping turtle (Lair:3)
  A slime creature (D:12)
  5 wyverns
  37 yaks
  Eustachio (D:6)
  A hog (D:12)
  A wraith (D:9)
  5 basilisks
  Grum (D:11)
  4 steam dragons
  6 wargs
  A hydra simulacrum (IceCv)
  3 hell hounds (Lair:5)
  10 water moccasins
  A floating eye (Lair:1)
  A swamp drake (D:11)
  31 orc warriors
  2 ice beasts
  2 sky beasts
  6 black bears
  8 ogres
  3 centaurs
  10 wolves
  4 kobold brigands
  6 scorpions
  12 bullfrogs
  5 wights
  An elephant simulacrum (IceCv)
  2 howler monkeys
  2 electric eels
  5 lava snakes (Lair:5)
  2 hounds (D:6)
  4 jellies (Lair:5)
  16 orc priests
  A sleepcap (D:4)
  Ijyb (D:4)
  Natasha (thrice) (D:3)
  2 iguanas
  27 orc wizards
  6 hell rats (Lair:1)
  A polar bear simulacrum (IceCv)
  A wolf simulacrum (IceCv)
  5 adders
  8 gnolls
  A white imp (D:7)
  An ufetubus (D:6)
  5 worms
  2 dart slugs
  65 orcs
  10 ball pythons
  6 endoplasms
  2 giant cockroaches
  8 goblins
  4 hobgoblins
  4 quokkas
  4 bats
  2 frilled lizards
  30 kobolds
  7 rats
521 creatures vanquished.

Notes
Turn   | Place    | Note
-------+----------+-------------------------------------------
     0 | D:1      | mandarbmax the Draconian Brigand began the quest for the
                  | Orb.
     0 | D:1      | Reached XP level 1. HP: 17/17 MP: 1/1
    38 | D:1      | Reached skill level 1 in Dodging
    96 | D:1      | Found a faded altar of an unknown god.
   261 | D:1      | Reached XP level 2. HP: 25/25 MP: 2/2
   893 | D:2      | Found Qut Anuts's Antique Armour Emporium.
   904 | D:2      | Reached XP level 3. HP: 31/31 MP: 3/3
  1193 | D:2      | Reached skill level 3 in Short Blades
  1577 | D:3      | Found Innigima's Jewellery Shop.
  1654 | D:3      | Reached XP level 4. HP: 38/38 MP: 4/4
  1666 | D:3      | Noticed Natasha
  1679 | D:3      | Killed Natasha
  1680 | D:3      | Reached skill level 4 in Short Blades
  1733 | D:3      | Found a snail-covered altar of Cheibriados.
  1734 | D:3      | Noticed Natasha
  1741 | D:3      | Killed Natasha
  1742 | D:3      | Reached XP level 5. HP: 41/45 MP: 5/5
  1823 | D:3      | Gained mutation: You passively map a small area around you.
                  | [potion of mutation]
  1823 | D:3      | Gained mutation: You occasionally lose the ability to drink
                  | potions when taking damage. [potion of mutation]
  1823 | D:3      | Gained mutation: You are dopey. (Int -2) [potion of
                  | mutation]
  1823 | D:3      | Gained mutation: You possess an exceptional clarity of
                  | mind. [potion of mutation]
  1833 | D:3      | HP: 2/45 [poisoned by a scorpion]
  1863 | D:3      | Reached skill level 5 in Short Blades
  2426 | D:3      | Noticed Natasha
  2436 | D:3      | Killed Natasha
  2686 | D:4      | Noticed Ijyb
  2695 | D:4      | Paralysed by Ijyb for 5 turns
  2710 | D:4      | Paralysed by Ijyb for 2 turns
  2721 | D:4      | Paralysed by Ijyb for 5 turns
  2729 | D:4      | Killed Ijyb
  2730 | D:4      | Reached XP level 6. HP: 22/51 MP: 6/6
  3364 | D:4      | Reached skill level 6 in Short Blades
  3440 | D:4      | Noticed Grinder
  3447 | D:4      | Killed Grinder
  3448 | D:4      | Your scales start taking on a dull iron-grey colour.
  3448 | D:4      | Reached XP level 7. HP: 55/57 MP: 7/7
  3488 | D:4      | Found a runed translucent door.
  3489 | D:4      | Noticed Crazy Yiuf
  3672 | D:4      | Identified the amulet of Aqeillot {Acrobat +Blink rN+ SInv}
  3743 | D:4      | Found an opulent altar of Gozag.
  3756 | D:4      | Became a worshipper of Gozag Ym Sagoz the Greedy
  3888 | D:5      | Entered Level 5 of the Dungeon
  3960 | D:5      | Found Ea-nāṣir's Fine Metal Goods.
  4450 | D:5      | Reached skill level 7 in Short Blades
  4760 | D:6      | Reached skill level 1 in Evocations
  4893 | D:6      | Reached XP level 8. HP: 26/63 MP: 8/8
  4897 | D:6      | Found a sacrificial altar of Ru.
  4976 | D:6      | Noticed Eustachio
  5029 | D:6      | Killed Eustachio
  5030 | D:6      | Reached skill level 5 in Stealth
  5269 | D:6      | Found a staircase to the Ecumenical Temple.
  5965 | D:6      | Reached XP level 9. HP: 21/69 MP: 9/9
  6023 | D:6      | Reached skill level 8 in Short Blades
  6349 | D:7      | Identified the +0 cloak "Ysitukk" {-Cast Harm rPois rF+}
  6496 | D:7      | Found a glowing silver altar of Zin.
  6757 | D:8      | Found a runed translucent gate.
  6757 | D:8      | Found a runed translucent gate.
  6851 | D:8      | Reached skill level 5 in Shapeshifting
  6857 | D:8      | Reached skill level 5 in Throwing
  6980 | D:8      | Reached skill level 5 in Evocations
  7122 | D:8      | Found an iron altar of Okawaru.
  7126 | D:8      | Noticed Maurice
  7155 | D:8      | Killed Maurice
  7156 | D:8      | Reached XP level 10. HP: 48/77 MP: 10/10
  7166 | D:8      | Found a runed translucent gate.
  7166 | D:8      | Found an opulent altar of Gozag.
  7167 | D:8      | Noticed a two-headed ogre
  7169 | D:8      | Noticed Pokonic1's ghost (novice DsEE)
  7243 | D:8      | Noticed Psyche
  7258 | D:8      | Killed Psyche
  7431 | D:8      | Found an ornate altar of the Wu Jian Council.
  7431 | D:8      | Found a hide-covered altar of Uskayaw.
  7431 | D:8      | Found a hazy altar of Hepliaklqana.
  7431 | D:8      | Found a bloodstained altar of Trog.
  7447 | D:8      | Reached skill level 9 in Short Blades
  7558 | D:8      | Found Kiekh's Jewellery Boutique.
  7898 | D:8      | Bought the ring of Buizof {rN+ Will+ Int-5 Slay+5} for 517
                  | gold pieces
  7998 | D:3      | Bought a +6 ring of dexterity for 504 gold pieces
  8589 | D:9      | Found a shimmering blue altar of Sif Muna.
  8989 | D:10     | Entered Level 10 of the Dungeon
  9050 | D:10     | Found a staircase to the Lair.
  9062 | D:10     | Noticed Maggie
  9072 | D:10     | Killed Maggie
  9142 | D:10     | Noticed a two-headed ogre
  9147 | D:10     | Killed a two-headed ogre
  9148 | D:10     | Reached skill level 5 in Fighting
  9148 | D:10     | Reached XP level 11. HP: 60/86 MP: 11/11
  9166 | D:10     | Noticed a two-headed ogre
  9177 | D:10     | Killed a two-headed ogre
  9456 | D:10     | Noticed a two-headed ogre
  9467 | D:10     | Killed a two-headed ogre
  9717 | D:11     | Noticed a wizard
  9720 | D:11     | Killed a wizard
  9802 | D:11     | Found a staircase to the Orcish Mines.
 10112 | D:11     | Noticed Grum
 10133 | D:11     | Killed Grum
 10352 | D:11     | Reached skill level 10 in Short Blades
 10435 | D:11     | Noticed Erolcha
 10438 | D:11     | Killed Erolcha
 10508 | D:11     | Noticed a cyan ugly thing
 10522 | D:11     | Killed a cyan ugly thing
 10804 | D:11     | Noticed Nergalle
 10808 | D:11     | Killed Nergalle
 11101 | D:12     | Noticed a red ugly thing
 11145 | D:12     | Noticed Kirke
 11260 | D:12     | Noticed a deep elf pyromancer
 11260 | D:12     | Noticed a boulder beetle
 11269 | D:12     | Noticed a red ugly thing
 11270 | D:12     | Killed a red ugly thing
 11505 | Lair:1   | Entered Level 1 of the Lair of Beasts
 11664 | Lair:1   | Reached XP level 12. HP: 60/97 MP: 12/12
 12054 | Lair:1   | Noticed a seven-headed hydra
 12447 | Lair:1   | Killed a seven-headed hydra
 13581 | Lair:2   | Noticed a death yak
 13583 | Lair:2   | Noticed a death yak
 13583 | Lair:2   | Noticed a death yak
 13585 | Lair:2   | Noticed a boulder beetle
 13596 | Lair:2   | Killed a death yak
 13604 | Lair:2   | Killed a death yak
 13608 | Lair:2   | Killed a death yak
 13611 | Lair:2   | Killed a boulder beetle
 13612 | Lair:2   | Reached skill level 11 in Short Blades
 14317 | Lair:3   | Found a hole to the Spider Nest.
 14318 | Lair:3   | Noticed a boulder beetle
 14346 | Lair:3   | Killed a boulder beetle
 14720 | Lair:3   | Noticed a six-headed hydra
 14729 | Lair:3   | Killed a six-headed hydra
 14881 | Lair:3   | Reached skill level 10 in Stealth
 15060 | Lair:3   | Found a staircase to the Shoals.
 15349 | Lair:4   | Reached XP level 13. HP: 90/108 MP: 13/13
 16589 | Lair:5   | Entered Level 5 of the Lair of Beasts
 17459 | Lair:5   | Found a large runed translucent door.
 17460 | Lair:5   | Found a large runed translucent door.
 17460 | Lair:5   | Noticed a fire dragon
 17756 | Lair:5   | Reached skill level 12 in Short Blades
 18362 | Lair:5   | Found a staircase to the Slime Pits.
 18362 | Lair:5   | Found a viscous altar of Jiyva.
 18392 | Lair:5   | Reached XP level 14. HP: 111/119 MP: 14/14
 19045 | Orc:1    | Entered Level 1 of the Orcish Mines
 19075 | Orc:1    | Noticed an orc warlord
 19085 | D:11     | Killed an orc warlord
 19471 | Orc:2    | Entered Level 2 of the Orcish Mines
 19472 | Orc:2    | Found Uteadd's Antique Weapon Boutique.
 19591 | Orc:1    | Found a frozen archway.
 19601 | IceCv    | Entered an ice cave
 19612 | IceCv    | Reached skill level 10 in Fighting
 19612 | IceCv    | Reached skill level 1 in Long Blades
 19612 | IceCv    | Reached skill level 1 in Shields
 19742 | IceCv    | Found a transporter.
 19754 | IceCv    | Found a transporter.
 20097 | IceCv    | Reached skill level 10 in Evocations
 20240 | Orc:1    | Found Aproemuc's Weapon Shop.
 20515 | Orc:2    | Found a staircase to the Elven Halls.
 20787 | Orc:2    | Noticed Saint Roka
 21679 | Orc:2    | Killed Saint Roka
 21889 | Orc:2    | Found Jiumm's General Store.
 21921 | Orc:2    | Found Guroyh's Antique Armour Boutique.
 21996 | Orc:2    | Bought a condenser vane for 480 gold pieces
 22137 | Orc:2    | Found Ruid's General Store.
 22138 | Orc:2    | Found Fuzir's Specific Store.
 22234 | Orc:2    | Found Ziborac's Book Boutique.
 22437 | D:12     | Reached skill level 10 in Throwing
 22562 | D:12     | Noticed Gastronok
 22574 | D:12     | Killed Gastronok
 22732 | D:12     | Killed Kirke
 22742 | D:12     | Annihilated by an enormous slime creature

Illustrated notes

Levels and vault maps discovered:
D:1:      evilmike_arrival_crescent, layout_basic,
          hellmonk_ecumenical_altar_pennies_from_heaven, interstate_on_off,
          minmay_misc_feat_square, serial_bayou_pond_c
D:2:      layout_loops_corners, serial_shops, shop
D:3:      layout_basic, slow_altar_1, serial_shops,
          nicolae_shop_tiny_statue_garden, grunt_ministairs_14,
          kennysheep_crisscross, kennysheep_generic_room_6, uniq_natasha
D:4:      layout_rooms, grunt_gozag_breadcrumbs,
          minmay_fractal_squares_gapless_5, uniq_grinder, uniq_ijyb,
          uniq_crazy_yiuf_cottage
D:5:      layout_rooms, nicolae_ea-nasir_strikes_again
D:6:      layout_gridville, nicolae_ru_great_annihilating_truth, temple_statues,
          minivault_27, uniq_eustachio
D:7:      layout_rooms, zin_scriptorium, st_stairs_3, minmay_crossroads
D:8:      layout_loops_ring, mainiacjoe_overflow_paths,
          chequers_temple_overflow_statue_of_worship, ebering_ghost_gozag,
          serial_shops, shop, corexii_hall_statues_x, nicolae_sextant,
          uniq_psyche, uniq_maurice
D:9:      layout_basic, kennysheep_mini_moat
D:10:     layout_loops_ring, dpeg_oklobed_lair, uniq_maggie
D:11:     layout_roguey, erik_orc_1, chequers_serial_rivers_micro_e, uniq_grum,
          uniq_erolcha, uniq_nergalle
D:12:     layout_loops_corners, uniq_kirke, uniq_gastronok
Lair:1:   layout_cave_pods, disabler_island, lemuel_fruit_fields
Lair:2:   layout_gridlike
Lair:3:   layout_chaotic_city, minmay_shoals_entry_hut,
          nicolae_spider_entry_non_spiders, gammafunk_lair_bear_cave
Lair:4:   layout_gridlike
Lair:5:   cheibrodos_lair_end_hotspot, layout_regular_city,
          nicolae_slime_entry_field_trip
Orc:1:    layout_caves, serial_shops, nicolae_square_shop,
          portal_ice_cave_entry_pillars_1, mines1_david
Orc:2:    grunt_orc_cross, layout_diamond_mine, nicolae_specific_store

Skill      XL: |  1  2  3  4  5  6  7  8  9 10 11 12 13 14 |
---------------+-------------------------------------------+-----
Dodging        | 1 4 |  4.1
Throwing       | 2 3 5 6 7 8 9 10 | 10.0
Stealth        | 4 5 7 9 10 11 | 11.0
Fighting       | 3 5 6 8 9 10 | 10.0
Short Blades   | 3 4 5 6 7 8 9 10 11 12 | 12.2
Shapeshifting  | 2 3 4 5 6 7 8 9 |  9.0
Evocations     | 1 3 5 6 7 8 9 10 | 10.0
Long Blades    | 4 |  4.3
Shields        | 4 |  4.2

Action                     |  1- 3 |  4- 6 |  7- 9 | 10-12 | 13-15 || total
---------------------------+-------+-------+-------+-------+-------++-------
  Melee: Dagger            |    93 |   163 |   140 |       |       ||   396
         Tailslap          |    13 |    27 |    58 |    77 |   109 ||   284
         Rapier            |       |    85 |   139 |   381 |   524 ||  1129
         Punch             |       |     2 |     6 |     9 |     3 ||    20
         Maw               |       |       |    48 |    86 |   160 ||   294
  Throw: Dart              |       |    12 |   107 |    37 |    58 ||   214
         Boomerang         |       |     2 |    16 |    38 |     4 ||    60
         Javelin           |       |       |       |     4 |    11 ||    15
Ability: Evoke Blink       |       |       |     1 |       |       ||     1
  Evoke: Wand              |       |     1 |     3 |    11 |    17 ||    32
         Lightning rod     |       |       |       |     2 |     4 ||     6
    Use: Potion            |       |     2 |     3 |       |     3 ||     8
         Scroll            |       |     3 |    15 |     9 |     6 ||    33
   Stab: Sleeping          |    10 |     4 |    14 |    15 |    14 ||    57
         Distracted        |     1 |     1 |     1 |     5 |    11 ||    19
         Paralysed         |       |     2 |     3 |     3 |       ||     8
 Armour: Skin              |    32 |   110 |   113 |    85 |   178 ||   518
  Dodge: Dodged            |    58 |    71 |   123 |   167 |   290 ||   709
  Block: Kite shield       |       |       |       |       |   116 ||   116
   Form: Maw               |       |       |     1 |       |       ||     1

Table legend: (Time is in decaauts)
 A = Elapsed time spent in this place.
 B = Non-inter-level travel time spent in this place.
 C = Inter-level travel time spent in this place.
 D = Time resting spent in this place.
 E = Time spent auto-exploring this place.
 F = Levels seen in this place.
 G = Mean time per level.
                   A        B        C        D        E       F      G
               +--------+--------+--------+--------+--------+-----+--------+
         Total |  22251 |  21014 |   1237 |   3250 |  13795 |  20 | 1112.6 |
       Dungeon |  11999 |  11070 |    929 |   1176 |   7572 |  12 |  999.9 |
          Lair |   7337 |   7083 |    254 |   1014 |   5005 |   5 | 1467.4 |
  Orcish Mines |   2373 |   2319 |     54 |    612 |   1214 |   2 | 1186.5 |
      Ice Cave |    539 |    539 |      0 |    446 |      4 |   1 |  539.0 |
               +--------+--------+--------+--------+--------+-----+--------+

Top non-repeatable levels by time:
  Lair:5: 1947 daAuts
  Lair:1: 1865 daAuts
    D:11: 1777 daAuts
  Lair:4: 1549 daAuts
   Orc:2: 1518 daAuts
     D:6: 1488 daAuts
     D:3: 1347 daAuts
  Lair:3: 1108 daAuts
     D:8: 1106 daAuts
     D:4: 983 daAuts
     D:9: 889 daAuts
  Lair:2: 867 daAuts
   Orc:1: 855 daAuts
     D:2: 854 daAuts
    D:10: 782 daAuts
